 Dungeon Crawl Stone Soup version 0.16.1 (webtiles) character file.

798 Sixotanaka the Grave Robber (level 8, -1/52 HPs)
             Began as a Human Necromancer on Mar 23, 2015.
             Slain by an ogre
             ... wielding a +0 giant club
              (28 damage)
             ... on level 5 of the Dungeon.
             The game lasted 00:15:55 (6888 turns).

Sixotanaka the Grave Robber (Human Necromancer)     Turns: 6888, Time: 00:15:55

Health: -1/52      AC:  2    Str:  8    XL:     8   Next: 13%
Magic:  4/13       EV: 12    Int: 22    God:
Gold:   194        SH:  0    Dex: 15    Spells: 3 memorised, 4 levels left

rFire  + . .     SeeInvis .     F - +7 short sword of the Four Wars {flame, rElec}
rCold  x . .     Clarity  .     a - +0 robe
rNeg   + . .     SustAb   .     (no shield)
rPois  +         Gourm    .     (no helmet)
rElec  +         Spirit   .     (no cloak)
rCorr  .         Warding  .     (no gloves)
rMut   .         Stasis   .     (no boots)
MR     .....                    (no amulet)
Stlth  +.........               D - ring of Tiepn {Fire rN+ Int+5 Stlth-}
                                y - ring of poison resistance

@: not resistant to hostile enchantments, very unstealthy
A: no striking features
a: no special abilities


You were on level 5 of the Dungeon.
You were hungry.

You visited 1 branch of the dungeon, and saw 5 of its levels.

You collected 194 gold pieces.


   Skills:
 + Level 5.2 Short Blades
 - Level 2.0 Dodging
 - Level 2.0 Stealth
 - Level 2.0 Spellcasting
 + Level 7.8 Necromancy


You had 4 spell levels left.
You knew the following spells:

 Your Spells              Type           Power        Failure   Level  Hunger
g - Regeneration          Chrm/Necr      ###.......   12%         3    ###....
x - Vampiric Draining     Necr           #####.....   1%          3    ###....
z - Pain                  Necr           ####         1%          1    #......


Dungeon Overview and Level Annotations

Branches:
Dungeon (5/15)
 Temple: D:4-7

Altars:
Makhleb
Okawaru
Xom

Inventory:

Hand weapons
 r - a +0 rapier
 F - the +7 short sword of the Four Wars (weapon) {flame, rElec}
   (You found it on level 5 of the Dungeon)

   It has been specially enchanted to burn those struck by it, causing extra
   injury to most foes and up to half again as much damage against particularly
   susceptible opponents.
   It insulates you from electricity.
Missiles
 h - 15 stones (quivered)
Armour
 a - a +0 robe (worn)
 d - a +2 buckler
Jewellery
 y - a ring of poison resistance (left hand)
 D - the ring of Tiepn (right hand) {Fire rN+ Int+5 Stlth-}
   (You found it on level 4 of the Dungeon)

   [ring of fire]

   It enhances your fire magic, and weakens your ice magic.
   It affects your intelligence (+5).
   It protects you from fire.
   It makes you vulnerable to cold.
   It protects you from negative energy.
   It makes you less stealthy.
Magical devices
 u - a wand of draining (6)
 G - a wand of fireball (4)
Scrolls
 e - 2 scrolls of fog {unknown}
 f - 12 scrolls of identify {unknown}
 k - 2 scrolls of amnesia {unknown}
 m - 3 scrolls of remove curse {unknown}
 n - a scroll of random uselessness {unknown}
 s - a scroll of noise {unknown}
 t - 3 scrolls of teleportation {unknown}
 v - a scroll of magic mapping {unknown}
 z - a scroll of enchant weapon {unknown}
 B - a scroll of enchant armour {unknown}
 H - a scroll of recharging {unknown}
 J - a scroll of blinking {unknown}
Potions
 g - a potion of restore abilities {unknown}
 j - 3 potions of heal wounds {unknown}
 l - a potion of resistance {unknown}
 o - 2 potions of magic {unknown}
 p - 3 potions of brilliance {unknown}
 q - a potion of lignification {unknown}
 w - 5 potions of curing {unknown}
 x - 2 potions of agility {unknown}
 A - a potion of berserk rage {unknown}
 C - a potion of haste {unknown}
 E - a potion of poison {unknown}
 L - a potion of flight {unknown}
Books
 b - a book of Necromancy
Comestibles
 c - 4 bread rations
 i - 3 meat rations
 I - 5 chunks of flesh
 K - a slice of pizza

#...#.#.................######.#.
#.....'.................'...'..+.
#.....#.................#+###+##.
#####...#'#####'#####'#..........
#...'.....'.......'../.......
#...#'##'#######'##..........
###.........####.####....#+#.
#.........#..#....'....#.#. .
#.........@..'...รท#....#.+. ..
####........O#+#####'#....+.#.
#'##....####....#.#####.#....#.##
#.'......'.'.<..+.......#....#...
#.#......#.#....#.......#....#...
# ##.#####'#....#..(....)....#.##
#.##.#####.#....#+####+##....#'#.
#..........#.....................
#..........+ ...................


You could see an ogre.


Message History

You feel clever.
There is an open door, spattered with blood here.
Things that are here:
a giant spiked club; an ogre corpse You butcher the ogre corpse.
Your skin is crawling a little less now.
I - 5 chunks of flesh
There is an open door, spattered with blood here.
You see here a giant spiked club.
You start resting.
Eating one of 5 chunks of flesh.
You continue eating. x2
Your skin stops crawling.
You start resting.
You open the door.
An iguana comes into view.
The iguana hisses angrily.
There is an open door here.
An iguana is nearby!
An iguana is nearby!
The iguana convulses in agony!
The iguana convulses in agony!
The iguana convulses in agony!
The iguana bites you.
You hit the iguana. You burn the iguana.
You feel life coursing into your body. The iguana bites you!
You feel life coursing into your body. The iguana closely misses you.
You kill the iguana!
You feel life coursing into your body.
You start resting.
Found a scroll labeled IHUC ZU PAK.
You see here an iguana corpse.
You butcher the iguana corpse.
I - 5 chunks of flesh (gained 1)
You see here an iguana skeleton.
You start resting.
Found a wand of draining.
There is an open door here.
Found a slice of pizza.
J - a scroll labeled IHUC ZU PAK You see here a wand of draining.
Found a green potion.
There is an open door here.
K - a slice of pizza
There is an open door here.
L - a green potion
There is an open door here.
You open the door.
There is an open door here.
There is an open door here.
You open the door.
There is an open door here.
You open the door.
There is an open door here.
You open the door.
A worker ant and an ogre come into view.
The ogre shouts!
The worker ant twitches its antennae in your direction.
There is an open door here.
The worker ant convulses in agony!
You feel life coursing into your body.
You are feeling hungry.
The worker ant barely misses you.
The worker ant convulses in agony!
You kill the worker ant!
The ogre convulses in agony!
You hit the ogre. You burn the ogre. The ogre hits you with a giant club!!
Ouch! That really hurt!
* * * LOW HITPOINT WARNING * * *
You feel life coursing into your body. The ogre hits you with a giant club!!
Ouch! That really hurt!
You die...

Action                   |  1- 3 |  4- 6 |  7- 9 || total
-------------------------+-------+-------+-------++-------
Melee: Unarmed           |     6 |       |       ||     6
       Rapier            |     6 |    20 |       ||    26
       Short sword       |       |     9 |    35 ||    44
Throw: Stone             |       |     2 |       ||     2
 Cast: Pain              |    60 |    96 |    26 ||   182
       Vampiric Draining |       |     3 |    15 ||    18
       Regeneration      |       |       |     1 ||     1
  Eat: Chunk             |     4 |    12 |     5 ||    21
       Beef jerky        |       |     1 |       ||     1

Vault maps used:
D:1:      ncdulo_smallfort
D:2:      makhleb_altar_promises_db
D:3:      lemuel_crystal_altar, okawaru_altar_gauntlet_db, baited_tele_trap
D:4:      first_bread, serial_bayou_lake_a

Notes
Turn   | Place    | Note
--------------------------------------------------------------
     0 | D:1      | Sixotanaka, the Human Necromancer, began the quest for the Orb.
     0 | D:1      | Reached XP level 1. HP: 13/13 MP: 3/3
   544 | D:1      | Reached XP level 2. HP: 14/19 MP: 0/4
  1432 | D:2      | Reached XP level 3. HP: 18/24 MP: 0/6
  1597 | D:2      | Reached skill level 5 in Necromancy
  1794 | D:2      | HP: 5/24 [adder (5)]
  2046 | D:2      | Reached XP level 4. HP: 26/30 MP: 3/7
  2156 | D:2      | Found a burning altar of Makhleb.
  2157 | D:2      | Noticed a cacodemon
  2737 | D:3      | Reached skill level 1 in Short Blades
  2869 | D:3      | Found a shimmering altar of Xom.
  3326 | D:3      | Found an iron altar of Okawaru.
  3328 | D:3      | Reached XP level 5. HP: 33/35 MP: 6/9
  3856 | D:4      | Reached skill level 6 in Necromancy
  3923 | D:4      | Got a steaming copper ring
  3924 | D:4      | Identified the ring of Tiepn {Fire rN+ Int+5 Stlth-} (You found it on level 4 of the Dungeon)
  4129 | D:4      | HP: 7/35 [hound (6)]
  4130 | D:4      | Reached skill level 2 in Short Blades
  4389 | D:4      | Learned a level 3 spell: Regeneration
  4393 | D:4      | Learned a level 3 spell: Vampiric Draining
  5028 | D:5      | Entered Level 5 of the Dungeon
  5035 | D:4      | Reached XP level 6. HP: 29/41 MP: 4/10
  5233 | D:5      | Noticed a centaur
  5242 | D:5      | HP: 7/41 [centaur (9)]
  5245 | D:5      | Killed a centaur
  5245 | D:5      | Reached skill level 3 in Short Blades
  5466 | D:5      | Got an iridescent short sword
  5467 | D:5      | Identified the +7 short sword of the Four Wars {flame, rElec} (You found it on level 5 of the Dungeon)
  5613 | D:5      | Reached XP level 7. HP: 35/46 MP: 12/12
  5787 | D:5      | HP: 10/46 [something (3)]
  5792 | D:5      | HP: 2/46 [something (3)]
  5793 | D:5      | Reached skill level 4 in Short Blades
  5793 | D:5      | Reached skill level 7 in Necromancy
  6377 | D:5      | Noticed a centaur
  6393 | D:5      | Killed a centaur
  6706 | D:5      | Noticed an ogre
  6712 | D:5      | Killed an ogre
  6712 | D:5      | Reached skill level 5 in Short Blades
  6712 | D:5      | Reached XP level 8. HP: 52/52 MP: 8/13
  6882 | D:5      | Noticed an ogre
  6888 | D:5      | Slain by an ogre

Vanquished Creatures
  An ogre (D:5)
  2 centaurs (D:5)
  A scorpion (D:4)
  A water moccasin skeleton (D:5)
  2 hounds
  A centaur zombie (D:5)
  2 jellies (D:5)
  An iguana (D:5)
  2 orc wizards (D:5)
  3 worker ants
  5 adders
  A gnoll (D:3)
  4 worms
  A giant gecko (D:4)
  An ooze (D:2)
  8 orcs
  2 ball pythons
  9 bats
  3 giant cockroaches
  9 goblins
  7 hobgoblins
  6 giant newts
  8 jackals
  3 kobolds (D:3)
  5 rats
88 creatures vanquished.
